 Dungeon Crawl Stone Soup version bcrawl-1.21.3 (webtiles) character file.

Game seed: 5674968191068384195

7140 Freyura the Envoy of Void (level 11, -1/99 HPs)
             Began as a Hill Orc Abyssal Knight on Apr 10, 2020.
             Was a High Priest of Lugonu.
             Slain by a death yak (15 damage)
             ... on level 9 of the Dungeon.
             The game lasted 00:25:20 (8629 turns).

Freyura the Envoy of Void (Hill Orc Abyssal Knight) Turns: 8629, Time: 00:25:21

Health: -1/99      AC: 15    Str: 16    XL:     11   Next: 10%
Magic:  18/18      EV: 18    Int: 12    God:    Lugonu [*****.]
Gold:   589        SH:  0    Dex: 18    Spells: 10/10 levels left

rFire    + + .     SeeInvis .   z - +3 trident (pierce)
rCold    x . .     Gourm    .   (no shield)
rNeg     . . .     Faith    .   D - +0 fire dragon scales
rPois    .         Spirit   .   (no helmet)
rElec    .         Reflect  .   y - +2 cloak {MR+}
rCorr    +         Harm     .   j - +0 pair of gloves
MR       +....                  (no boots)
Stlth    +.........             (no amulet)
HPRegen  0.66/turn              g - ring of resist corrosion
MPRegen  0.16/turn              (no ring)

@: agile
A: blurry vision 1, regeneration 1
a: Depart the Abyss, Bend Space, Banish, Corrupt, Enter the Abyss, Renounce
Religion


You were on level 9 of the Dungeon.
You worshipped Lugonu.
Lugonu was extremely pleased with you.
You were hungry.

You visited 1 branch of the dungeon, and saw 9 of its levels.
You visited the Abyss 1 time.
You also visited: Sewer.

You collected 589 gold pieces.

Inventory:

Hand Weapons
 b - a +0 morningstar
 z - a +3 trident of piercing (weapon)
Missiles
 c - 10 tomahawks of dispersal (quivered)
 d - 1324 stones
 k - 645 exploding tomahawks
 n - 825 poisoned tomahawks
 E - 255 tomahawks
Armour
 j - a +0 pair of gloves (worn)
 y - a +2 cloak of magic resistance (worn)
 D - +0 fire dragon scales (worn)
Jewellery
 g - a ring of resist corrosion (left hand)
Wands
 A - a wand of polymorph (13)
 C - a wand of clouds (3)
Scrolls
 f - 2 scrolls of identify
 h - 3 scrolls of teleportation
 i - 2 scrolls of amnesia
 o - 4 scrolls of fear
 q - 6 scrolls of remove curse
 G - a scroll of immolation {unknown}
Potions
 a - a potion of resistance {unknown}
 l - 3 potions of curing
 m - 2 potions of lignification
 p - a potion of flight {unknown}
 r - a potion of brilliance {unknown}
 t - a potion of magic {unknown}
 u - 6 potions of haste {unknown}
 v - a potion of might {unknown}
 w - 2 potions of agility
 x - a potion of degeneration {unknown}
 F - a potion of cancellation {unknown}
Comestibles
 e - 11 rations {!d}


   Skills:
 * Level 9.9 Fighting
   Level 9.9 Short Blades
   Level 9.9 Long Blades
   Level 9.9 Axes
   Level 9.9 Maces & Flails
   Level 9.9 Polearms
   Level 9.9 Staves
 - Level 1.0 Throwing
 + Level 8.5 Armour
 + Level 6.2 Dodging
   Level 9.9 Unarmed Combat
 + Level 10.2 Invocations


You had 10 spell levels left.
You didn't know any spells.
Your spell library contained the following spells:

 Spells                   Type           Power        Failure   Level  Hunger
 Apportation              Tloc           #.....       30%         1    ##.....
 Corona                   Hex            #......      77%         1    ##.....
 Infusion                 Chrm           #.......     77%         1    ##.....
 Sandblast                Erth           #.....       77%         1    ##.....
 Slow                     Hex            #.......     77%         1    ##.....
 Summon Butterflies       Summ           #.......     77%         1    ##.....
 Shackle                  Hex            #.......     88%         2    ###....
 False Image              Hex/Summ       #.......     98%         3    ####...
 Inner Flame              Hex/Fire       N/A          98%         3    ####...
 Cause Fear               Hex            #.........   100%        4    #####..
 Yara's Violent Unravell  Hex/Tmut       #.........   100%        4    #####..


Dungeon Overview and Level Annotations

Branches:
Dungeon (9/12)             Temple (0/1) D:4
   Lair: D:7-9          Orc: D:8-11

Altars:
Ashenzari
Dithmenos
Elyvilon
Fedhas
Gozag
Kikubaaqudgha
Nemelex Xobeh
Qazlal
Trog
Vehumet
Xom
The Shining One


Innate Abilities, Weirdness & Mutations

Scrolls take you a little longer to read.
Your natural rate of healing is unusually fast.


Message History

The death yak is almost dead.
The death yak gores you!!
* * * LOW HITPOINT WARNING * * *
You puncture the death yak!
You kill the death yak!
Lugonu accepts your kill. Something appears at your feet!
Lugonu grants you ammunition!
You feel agile all of a sudden. The death yak closely misses you.
The death yak closely misses you.
You feel much better. The death yak gores you!
* * * LOW HITPOINT WARNING * * *
You hit the death yak.
The death yak is lightly wounded.
The death yak gores you but does no damage.
You hit the death yak.
The death yak is lightly wounded.
The death yak gores you!
You die...

................... #.#
..######........... #.#
#........... #.#
##........####.#
#........#....#
#..).....#....#
#........+....#
#.##+####Y.......#..<.##
#......@YYZ......#......
###########'######......
....................
....................
..........####......
..........# #######
..........# ..........#
..........#


You could see a death yak, 2 yaks and a centaur skeleton.

Vanquished Creatures
  A two-headed ogre (D:9)
  2 death yaks (D:9)
  Pikel (D:7)
  A troll (D:5)
  12 yaks (D:8)
  A hungry ghost (D:7)
  Eustachio (D:5)
  A sky beast (D:5)
  An orc warrior (D:6)
  An ice beast (D:9)
  3 ogres
  A phantom (D:3)
  2 necrophages (D:7)
  An eye of draining (D:8)
  2 centaurs (D:8)
  A bullfrog (D:8)
  A scorpion (D:8)
  3 killer bees (D:7)
  5 crimson imps
  3 howler monkeys
  A centaur zombie (D:7)
  A bullfrog zombie (D:6)
  3 orc priests
  3 orc wizards
  A bullfrog skeleton (D:8)
  7 hounds
  2 jellies
  Terence (D:3)
  2 iguanas
  5 worker ants
  A hound skeleton (D:8)
  4 gnolls (D:4)
  9 adders
  An adder zombie (D:8)
  4 worms
  2 dart slugs
  7 leopard geckos
  25 orcs
  A bat (D:2)
  10 giant cockroaches
  5 goblins
  10 hobgoblins
  24 jackals
  9 quokkas
  3 ball pythons
  3 frilled lizards
  14 kobolds
  A leopard gecko zombie (D:5)
  7 rats
  5 plants (Sewer)
215 creatures vanquished.

Notes
Turn   | Place    | Note
-------+----------+-------------------------------------------
     0 | Abyss:1  | Freyura the Hill Orc Abyssal Knight began the quest for the
                  | Orb.
     0 | Abyss:1  | Reached XP level 1. HP: 20/20 MP: 2/2
    33 | Abyss:1  | Noticed a quasit
    33 | Abyss:1  | Noticed a ynoxinul
    34 | D:1      | Escaped the Abyss
   231 | D:1      | Reached skill level 1 in Dodging
   231 | D:1      | Reached XP level 2. HP: 26/27 MP: 4/4
   334 | D:1      | Reached * piety under Lugonu
   334 | D:1      | Reached skill level 3 in Invocations
   804 | D:2      | Reached XP level 3. HP: 34/34 MP: 5/5
  1221 | D:2      | Reached ** piety under Lugonu
  1448 | D:2      | Found an ancient bone altar of Kikubaaqudgha.
  1449 | D:2      | Found a shimmering altar of Xom.
  1454 | D:2      | Found a bloodstained altar of Trog.
  1455 | D:2      | Found a white marble altar of Elyvilon.
  1455 | D:2      | Found a sparkling altar of Nemelex Xobeh.
  1456 | D:2      | Found a stormy altar of Qazlal.
  1456 | D:2      | Found an opulent altar of Gozag.
  1458 | D:2      | Found a blossoming altar of Fedhas.
  1459 | D:2      | Found a glowing golden altar of the Shining One.
  1502 | D:2      | Found a shattered altar of Ashenzari.
  1580 | D:2      | Reached XP level 4. HP: 41/41 MP: 6/6
  1954 | D:3      | Noticed a phantom
  1956 | D:3      | Gained mutation: Scrolls take you a little longer to read.
                  | [potion of mutation]
  1956 | D:3      | Gained mutation: Your natural rate of healing is unusually
                  | fast. [potion of mutation]
  2031 | D:3      | Killed a phantom
  2031 | D:3      | Reached XP level 5. HP: 39/47 MP: 7/7
  2052 | D:3      | Reached skill level 4 in Invocations
  2215 | D:3      | Reached skill level 5 in Fighting
  2272 | D:3      | Found a glowing drain.
  2301 | Sewer    | Entered a sewer
  2445 | Sewer    | Reached *** piety under Lugonu
  3694 | D:3      | Reached XP level 6. HP: 56/56 MP: 9/9
  3734 | D:3      | Noticed Terence
  3752 | D:3      | Killed Terence
  4476 | D:4      | Found a staircase to the Ecumenical Temple.
  4677 | D:4      | Found a radiant altar of Vehumet.
  4684 | D:4      | Reached XP level 7. HP: 61/61 MP: 10/10
  4839 | D:5      | Entered Level 5 of the Dungeon
  4851 | D:5      | Noticed Eustachio
  4870 | D:5      | Reached skill level 5 in Invocations
  4876 | D:5      | Killed Eustachio
  5104 | D:5      | Reached XP level 8. HP: 70/70 MP: 12/12
  5129 | D:5      | Got a scorched dagger
  5130 | D:5      | Identified the cursed +1 dagger of Fragile Peace {elec,
                  | +Blink rN+ Str-5} (You found it on level 5 of the Dungeon)
  5148 | D:5      | Noticed a troll
  5161 | D:5      | Killed a troll
  5161 | D:5      | Reached skill level 5 in Armour
  5161 | D:5      | Reached skill level 6 in Invocations
  5658 | D:6      | Reached **** piety under Lugonu
  5901 | D:6      | Received a gift from Lugonu
  6304 | D:7      | Reached skill level 7 in Invocations
  6304 | D:7      | Reached XP level 9. HP: 72/79 MP: 14/14
  6480 | D:7      | Received a gift from Lugonu
  6679 | D:7      | Found a shadowy altar of Dithmenos.
  7038 | D:7      | Noticed Pikel
  7068 | D:7      | Killed Pikel
  7068 | D:7      | Received a gift from Lugonu
  7099 | D:7      | Reached skill level 8 in Invocations
  7393 | D:8      | Reached skill level 5 in Dodging
  7525 | D:8      | Reached XP level 10. HP: 82/90 MP: 16/16
  7571 | D:8      | Reached skill level 9 in Invocations
  7909 | D:8      | Received a gift from Lugonu
  7950 | D:8      | Reached ***** piety under Lugonu
  8464 | D:9      | Noticed a two-headed ogre
  8478 | D:9      | Killed a two-headed ogre
  8559 | D:9      | Noticed a death yak
  8573 | D:9      | Noticed a death yak
  8576 | D:9      | Noticed a death yak
  8576 | D:9      | Killed a death yak
  8576 | D:9      | Reached skill level 10 in Invocations
  8576 | D:9      | Reached XP level 11. HP: 65/99 MP: 18/18
  8624 | D:9      | Killed a death yak
  8624 | D:9      | Received a gift from Lugonu
  8629 | D:9      | Slain by a death yak

Skill      XL: |  1  2  3  4  5  6  7  8  9 10 |
---------------+-------------------------------+-----
Dodging        | 1 2 3 4 5 6 |  6.2
Invocations    | 3 4 5 7 8 10 | 10.2
Armour         | 3 4 5 7 8 |  8.5
Fighting       | 5 6 7 8 9 |  9.9
Short Blades   | |  9.9
Long Blades    | |  9.9
Axes           | |  9.9
Maces & Flails | |  9.9
Polearms       | |  9.9
Staves         | |  9.9
Throwing       | |  1.0
Unarmed Combat | |  9.9

Action                   |  1- 3 |  4- 6 |  7- 9 | 10-12 || total
-------------------------+-------+-------+-------+-------++-------
Melee: Spear             |   115 |   569 |       |       ||   684
       Mace              |     4 |       |       |       ||     4
       Punch             |     1 |     8 |     6 |    13 ||    28
       Trident           |       |    27 |   311 |   245 ||   583
       Dagger            |       |       |    11 |       ||    11
Invok: Depart the Abyss  |     1 |       |       |       ||     1
  Use: Scroll            |       |     1 |    15 |       ||    16
       Potion            |       |     1 |     1 |     4 ||     6
  Eat: Chunk             |     2 |     8 |    11 |     4 ||    25
       Ration            |       |     1 |     1 |       ||     2
Armor: Leather armour    |    13 |       |       |       ||    13
       Ring mail         |     7 |    25 |       |       ||    32
       Chain mail        |       |   140 |       |       ||   140
       Fire dragon scale |       |     7 |   158 |    58 ||   223
Dodge: Dodged            |    41 |   129 |   171 |   101 ||   442
